 Dungeon Crawl Stone Soup version 0.17.0-55-g1383181 (webtiles) character file.

226 DeXoteric the Cleaver (level 6, -6/51 HPs)
             Began as a Hill Orc Berserker on Dec 3, 2015.
             Was a Priest of Trog.
             Killed by nerve-wracking pain
             ... invoked by Grinder
              (11 damage)
             ... while paralysed by Grinder
             ... on level 3 of the Dungeon.
             The game lasted 00:07:59 (3575 turns).

DeXoteric the Cleaver (Hill Orc Berserker)          Turns: 3575, Time: 00:07:59

Health: -6/51      AC:  6    Str: 21    XL:     6   Next: 1%
Magic:  6/6        EV:  2    Int:  7    God:    Trog [***...]
Gold:   228        SH:  0    Dex: 11    Spells: 0 memorised, 5 levels left

rFire  . . .     SeeInvis .     a - +0 hand axe
rCold  . . .     Clarity  .     j - +2 leather armour {rPois}
rNeg   . . .     SustAt   .     (no shield)
rPois  +         Gourm    .     (no helmet)
rElec  .         Spirit   .     (no cloak)
rCorr  .         Warding  .     (no gloves)
rMut   .         Stasis   .     s - +0 pair of boots
MR     .....                    (no amulet)
Stlth  +.........               (no ring)
                                (no ring)

@: paralysed, not resistant to hostile enchantments, very unstealthy
A: no striking features
a: Berserk, Trog's Hand, Burn Spellbooks, Renounce Religion


You were on level 3 of the Dungeon.
You worshipped Trog.
Trog was most pleased with you.
You were very hungry.

You visited 1 branch of the dungeon, and saw 3 of its levels.

You collected 228 gold pieces.

Inventory:

Hand Weapons
 a - a +0 hand axe (weapon)
Armour
 b - a +0 animal skin
 j - a +2 leather armour of poison resistance (worn)
 s - a +0 pair of boots (worn)
 u - a +0 plate armour
Scrolls
 d - 2 scrolls of blinking {unknown}
 f - a scroll of magic mapping {unknown}
 g - a scroll of amnesia {unknown}
 l - a scroll of noise {unknown}
 m - a scroll of random uselessness {unknown}
 q - a scroll of enchant armour {unknown}
 r - 2 scrolls of identify {unknown}
 t - a scroll of recharging {unknown}
 w - 3 scrolls of fear {unknown}
 x - a scroll of remove curse {unknown}
Potions
 e - 2 potions of might {unknown}
 i - 2 potions of flight {unknown}
 n - 2 potions of cancellation {unknown}
 o - a potion of lignification {unknown}
 p - 2 potions of curing {unknown}
 v - a potion of poison {unknown}
Comestibles
 c - a bread ration
 h - 2 meat rations
 k - 4 chunks of flesh


   Skills:
 - Level 3.6 Fighting
 + Level 8.6 Axes
 - Level 2.1 Armour
 - Level 1.5 Dodging


You had 5 spell levels left.
You didn't know any spells.

Dungeon Overview and Level Annotations

Branches:
Dungeon (3/15)

Altars:
Gozag
Kikubaaqudgha
Vehumet

Annotations:
D:3 Grinder


Message History

You hit Grinder but do no damage.
You feel yourself speed up.
Grinder gestures.
Grinder blinks!
You hit Grinder. Grinder hits you but does no damage.
You barely miss Grinder.
You feel less exhausted.
Grinder gestures.
Grinder blinks!
You hit Grinder. Grinder closely misses you.
You completely miss Grinder. Grinder gestures at you.
You suddenly lose the ability to move!
Grinder hits you.
* * * LOW HITPOINT WARNING * * *
You writhe in agony.
* * * LOW HITPOINT WARNING * * *
Grinder gestures at you. Pain shoots through your body!
You die...

#.§§§...##...........
#.§..§..##..#...#...#
#.......##_..........
#####.#.##..#...#...#
#.#.##........... #.
#.#.############# #.# #.#.#
#.# ##5#.#####.# #.#
##o#........# #.#
#.###.####### ###.# ##.#.##
....##### ##..# ........#
##.# ###.###.# #5# # #.# #.#
#.# ###.# #.# ####5##########
.##.###.#######......†.......


You could see Grinder.

Vanquished Creatures
  Ijyb (D:3)
  3 gnolls (D:2)
  8 adders
  4 worms
  3 giant geckos
  5 giant cockroaches
  6 hobgoblins
  15 kobolds
  A ball python (D:2)
  13 bats
  7 giant newts
  15 goblins
  6 jackals
  9 rats
96 creatures vanquished.

Vanquished Creatures (others)
  A goblin (D:3)
1 creature vanquished.

Grand Total: 97 creatures vanquished

Notes
Turn   | Place    | Note
--------------------------------------------------------------
     0 | D:1      | DeXoteric the Hill Orc Berserker began the quest for the Orb.
     0 | D:1      | Reached XP level 1. HP: 19/19 MP: 1/1
   216 | D:1      | Reached XP level 2. HP: 19/26 MP: 2/2
   526 | D:1      | Reached skill level 5 in Axes
   533 | D:1      | Reached ** piety under Trog
   596 | D:1      | Reached XP level 3. HP: 9/31 MP: 3/3
  1709 | D:2      | Reached skill level 6 in Axes
  1713 | D:2      | Reached XP level 4. HP: 39/39 MP: 4/4
  1835 | D:2      | Found an opulent altar of Gozag.
  1979 | D:2      | Reached *** piety under Trog
  2154 | D:2      | Reached skill level 7 in Axes
  2231 | D:2      | Reached XP level 5. HP: 33/45 MP: 5/5
  3200 | D:3      | Reached skill level 8 in Axes
  3245 | D:3      | Noticed Ijyb
  3251 | D:3      | Killed Ijyb
  3266 | D:3      | Found an ancient bone altar of Kikubaaqudgha.
  3364 | D:3      | Reached XP level 6. HP: 49/51 MP: 6/6
  3394 | D:3      | Reached **** piety under Trog
  3488 | D:3      | Found a radiant altar of Vehumet.
  3518 | D:3      | Noticed Grinder
  3524 | D:3      | Paralysed by Grinder for 4 turns
  3573 | D:3      | Paralysed by Grinder for 5 turns
  3575 | D:3      | Killed from afar by Grinder

Action                   |  1- 3 |  4- 6 || total
-------------------------+-------+-------++-------
Melee: Hand axe          |   118 |   181 ||   299
Invok: Berserk           |     3 |     6 ||     9
       Trog's Hand       |       |     1 ||     1
  Eat: Chunk             |     5 |    12 ||    17
